 Dungeon Crawl Stone Soup version 0.17-a0-1636-g3119f2b (webtiles) character file.

290320 urechis the Warrior (level 21, -7/237 HPs)
             Began as an Ogre Fighter on Aug 6, 2015.
             Was a High Priest of Trog.
             Killed from afar by a fire giant (48 damage)
             ... with a fireball
             ... on level 2 of the Depths.
             The game lasted 03:04:19 (47097 turns).

urechis the Warrior (Ogre Fighter)                 Turns: 47097, Time: 03:04:19

Health: -7/237     AC: 19    Str: 38    XL:     21   Next: 13%
Magic:  21/21      EV:  9    Int:  7    God:    Trog [*****.]
Gold:   2943       SH: 23    Dex: 10    Spells: 0 memorised, 20 levels left

rFire  . . .     SeeInvis .     a - +0 eveningstar (flame)
rCold  + . .     Clarity  .     N - +0 ice dragon armour
rNeg   + + .     SustAt   .     b - +0 large shield
rPois  +         Gourm    .     (helmet restricted)
rElec  .         Spirit   .     i - +2 cloak
rCorr  .         Warding  +     (gloves unavailable)
rMut   .         Stasis   .     (boots unavailable)
MR     ++++.                    M - amulet of warding
Stlth  ..........               y - ring "Ottotipla" {rPois rF+ rC- rN+ Str+5}
                                (no ring)

@: about to teleport, regenerating, incredibly resistant to hostile
enchantments, extremely unstealthy
A: unfitting armour, blink 1, tough skin 1
a: Blink, Burn Spellbooks, Berserk, Trog's Hand, Brothers in Arms, Renounce
Religion
}: 1/15 runes: barnacled


You were on level 2 of the Depths.
You worshipped Trog.
Trog was extremely pleased with you.
You were not hungry.

You visited 6 branches of the dungeon, and saw 34 of its levels.
You also visited: Labyrinth, Ossuary and Volcano.

You collected 2943 gold pieces.

Inventory:

Hand weapons
 a - a +0 eveningstar of flaming (weapon)
Missiles
 k - 37 javelins
 E - 2 javelins of returning
 I - 36 large rocks
 J - 4 steel javelins (quivered)
 R - 11 javelins of penetration
Armour
 b - a +0 large shield (worn)
 i - a +2 cloak (worn)
 L - a +0 troll leather armour
 N - a +0 ice dragon armour (worn)
 P - the +1 shield of the Prince of Darkness {rF+ MR+ Dex-4 SInv}
   (You acquired it on level 15 of the Dungeon)

   It affects your dexterity (-4).
   It protects you from fire.
   It affects your resistance to hostile enchantments.
   It lets you see invisible.
Jewellery
 x - an uncursed ring of see invisible
 y - the ring "Ottotipla" (right hand) {rPois rF+ rC- rN+ Str+5}
   (You found it on level 10 of the Dungeon)

   [ring of protection from fire]

   It affects your strength (+5).
   It protects you from fire.
   It makes you vulnerable to cold.
   It protects you from poison.
   It protects you from negative energy.
 M - an amulet of warding (around neck)
 S - the ring "Johaxer" {Ice rN+ MR+ Dex+4}
   (You found it in a labyrinth)

   [ring of ice]

   It enhances your ice magic, and weakens your fire magic.
   It affects your dexterity (+4).
   It makes you vulnerable to fire.
   It protects you from cold.
   It protects you from negative energy.
   It affects your resistance to hostile enchantments.
Magical devices
 s - a wand of digging (17)
 z - a wand of disintegration (10)
Scrolls
 g - 2 scrolls of fear
 h - 5 scrolls of recharging
 j - 2 scrolls of summoning
 l - 6 scrolls of enchant weapon
 m - a scroll of enchant armour
 o - 4 scrolls of teleportation
 p - 5 scrolls of immolation
 t - 16 scrolls of remove curse
 B - 3 scrolls of silence
 F - a scroll of holy word
 O - 2 scrolls of magic mapping
 U - a scroll of fog
Potions
 c - a potion of cancellation
 d - 3 potions of might
 f - a potion of resistance
 q - a potion of flight
 r - 9 potions of curing
 u - a potion of cure mutation
 A - a potion of invisibility
 C - 6 potions of agility
 D - 6 potions of ambrosia
 G - 4 potions of magic
 H - a potion of haste
 K - 3 potions of lignification
 Q - 2 potions of berserk rage
 Z - 3 potions of brilliance
Comestibles
 e - 9 bread rations
 n - 18 meat rations
 v - 3 chunks of flesh
 w - 10 royal jellies


   Skills:
 - Level 20.0 Fighting
 + Level 18.3 Maces & Flails
 - Level 15.0 Throwing
 - Level 15.0 Armour
 - Level 2.6 Dodging
 - Level 15.0 Shields


You had 20 spell levels left.
You didn't know any spells.

Dungeon Overview and Level Annotations

Branches:
Dungeon (15/15)            Temple (1/1) D:5            Lair (8/8) D:10
 Shoals (4/4) Lair:5        Snake (0/4) Lair:3        Slime (0/6) Lair:7
    Orc (4/4) D:9             Elf (0/3) Orc:3        Vaults (0/5) D:14
 Depths (2/5) D:15

Altars:
Ashenzari
Cheibriados
Dithmenos
Elyvilon
Fedhas
Gozag
Kikubaaqudgha
Makhleb
Nemelex Xobeh
Okawaru
Qazlal
Ru
Sif Muna
Trog
Vehumet
Xom
Yredelemnul
Zin
The Shining One
Beogh
Lugonu

Shops:
D:12 [   Orc:4 (:[*   Shoals:1 :!*   Depths:1 :

Portals:
Hell: Depths:1 Depths:2
Abyss: Depths:2
Pandemonium: Depths:2
Trove: D:14 (give 2 scrolls of acquirement)


Innate Abilities, Weirdness & Mutations

You are too large for most types of armour.
You have tough skin (AC +1).
You can translocate small distances at will.


Message History

The deep elf demonologist hits you with a long sword!
* * * LOW HITPOINT WARNING * * *
A deep troll shaman comes into view.
You closely miss the deep elf demonologist.
The deep elf demonologist is moderately wounded.
You closely miss the deep elf demonologist.
The deep elf demonologist is moderately wounded.
You block the deep elf demonologist's attack.
You pound the deep elf demonologist like an anvil!!!
You burn the deep elf demonologist!
You kill the deep elf demonologist!
Trog accepts your kill.
Trog appreciates your killing of a magic user.
Your Fighting skill increases to level 20!
Read which item? (? for menu, Esc to quit)
As you read the scroll of teleportation, it crumbles to dust.
You feel strangely unstable.
The fire giant gestures at you while chanting.
The fireball explodes!
The fireball engulfs you!
You die...

#..............#.####......
#..........................
#..........................
#..........################
###'######.#.....#Cg...#.CT
#.# #)#.....#Vg...#..T ##.#
#TD.....#ig...#... #..#
#C#.....#Hg...#... #.##
##@#.....#g....#... #.####
#(.###.### ######## #....#
#..#


CCG. .. ... ##.#.# #..#.....# C#.. #.#.# #..#......! #. #.#.###..#.....#T #..
#.#...'..#.....#.. ... #.#####..####### ### #### #.# #....#.....#.....#... You
could see a fire giant, an ice dragon and a deep troll shaman.

Vanquished Creatures
  Nikola (Depths:1)
  2 krakens (Shoals:4)
  Kirke (D:13)
  Ilsuiw (Shoals:4)
  Wiglaf (Depths:1)
  3 fire giants (Depths:2)
  Donald (Orc:4)
  An orc warlord (Orc:4)
  Maud (D:11)
  Aizul (Depths:1)
  2 very ugly things (Depths:2)
  A vampire knight (Depths:1)
  5 stone giants
  Nessos (Orc:4)
  A deep elf demonologist (Depths:2)
  A dire elephant (Lair:3)
  4 merfolk javelineers (Shoals:4)
  A minotaur (Lab)
  4 ettins
  2 fire dragons
  8 vault guards
  10 merfolk impalers
  7 ogre magi
  The ghost of Duffy the Grappler, a powerful TrMo of Makhleb (Orc:1)
  3 ice dragons
  4 great orbs of eyes (Depths:2)
  Fannar (D:11)
  Harold (Lair:2)
  A yaktaur captain (Depths:2)
  9 hydras
  A catoblepas (Lair:3)
  An entropy weaver (Depths:2)
  The ghost of carl the Geomancer, a powerful GrEE of Vehumet (Lab)
  4 merfolk avatars
  An alligator snapping turtle (Shoals:4)
  Erica (D:8)
  4 centaur warriors
  The ghost of amplicon the Carver, an experienced MiFi of Dithmenos (D:10)
  2 deep troll earth magi
  A vampire mage (Depths:2)
  6 merfolk aquamancers (Shoals:4)
  A satyr (Shoals:4)
  6 death yaks
  4 tengu warriors
  2 orc high priests
  3 deep troll shamans
  A spriggan berserker (Depths:2)
  2 hell hogs (Depths:2)
  Nergalle (D:11)
  A fire crab (Lair:8)
  2 unseen horrors (D:11)
  14 hell knights
  13 sea snakes
  6 hill giants
  4 deep trolls
  A giant orange brain (Depths:1)
  4 necromancers
  A salamander mystic (Depths:2)
  A shadow dragon zombie (Depths:1)
  A lindwurm (Lair:8)
  5 orc knights
  2 wizards
  13 fauns
  2 phantasmal warriors (Depths:1)
  28 harpies
  A statue (Volcano)
  5 water nymphs
  20 ugly things
  8 griffons
  2 oklob plants (Lair:7)
  A harpy (shapeshifter) (D:15)
  An iron dragon zombie (Depths:1)
  5 orc sorcerers
  4 salamanders (Depths:2)
  12 manticores
  3 cyclopes
  9 sirens
  17 elephants
  13 black mambas
  9 spiny frogs
  A molten gargoyle (Depths:2)
  A spriggan zombie (Depths:1)
  4 yaktaurs (Depths:2)
  7 komodo dragons
  2 tengu conjurers
  A deep elf priest (D:14)
  4 fire drakes
  7 polar bears (Lair:8)
  A spriggan druid (Lair:8)
  An efreet (D:14)
  A queen bee (Lair:7)
  33 merfolk
  5 trolls
  2 jumping spiders
  15 two-headed ogres
  4 wind drakes
  A boulder beetle (Lair:6)
  26 blink frogs
  14 snapping turtles
  8 redbacks (Lair:8)
  11 spriggans
  7 slime creatures (Depths:1)
  3 wraiths
  A vampire (D:14)
  12 water elementals
  A trapdoor spider (D:11)
  5 deep elf magi
  5 hogs (D:13)
  A hippogriff (shapeshifter) (Depths:1)
  3 wyverns
  2 shadows
  Eustachio (D:6)
  18 yaks (Lair:8)
  18 hippogriffs
  A hill giant zombie (D:9)
  Grum (D:11)
  3 vampire mosquitoes
  2 hungry ghosts (D:9)
  2 basilisks (D:15)
  2 fire bats (Volcano)
  A fire elemental (Depths:2)
  3 deep elf fighters
  A spriggan simulacrum (Depths:1)
  7 wargs
  25 water moccasins
  10 hell hounds (Depths:2)
  19 wolves
  5 black bears
  4 ice beasts
  2 phantoms
  22 orc warriors
  5 sky beasts
  12 porcupines
  11 centaurs
  5 necrophages
  2 eyes of draining (D:14)
  24 crocodiles
  6 wasps
  25 ogres
  3 big kobolds
  21 giant frogs
  A gnoll sergeant (D:9)
  A wyvern skeleton (D:11)
  7 scorpions
  38 killer bees
  4 troll zombies
  26 wights
  3 electric eels (Lair:3)
  13 crimson imps
  2 centaur zombies
  A wyvern simulacrum (D:14)
  5 human zombies (D:14)
  2 jellies
  A quasit (D:12)
  6 lava snakes (Volcano)
  6 centaur skeletons
  2 giant frog zombies
  10 hounds
  28 orc priests
  Jessica (D:2)
  14 worker ants
  A human skeleton (D:14)
  7 iguanas
  Natasha (thrice) (D:2)
  39 orc wizards
  31 sheep
  2 hound zombies (D:9)
  4 ogre zombies (D:9)
  2 hound skeletons
  3 mummies
  A worker ant zombie (D:6)
  Robin (D:4)
  10 adders
  11 gnolls
  50 river rats
  5 shadow imps
  2 oozes (D:3)
  An adder skeleton (D:7)
  2 adder zombies
  5 worms (D:3)
  5 giant geckos
  186 orcs
  3 ball pythons
  5 giant cockroaches
  9 gnoll skeletons (Ossuary)
  7 hobgoblins
  13 jackals
  17 kobolds
  3 quokkas
  12 bats
  4 giant newts
  23 goblins
  5 goblin skeletons (D:9)
  3 goblin zombies (D:9)
  2 hobgoblin skeletons (D:9)
  5 kobold skeletons (Ossuary)
  12 orc skeletons
  14 orc zombies (D:9)
  A quokka skeleton (D:4)
  6 rats
  A butterfly (Lair:2)
  2 plants (Shoals:4)
  4 tentacles (Shoals:4)
1474 creatures vanquished.

Vanquished Creatures (collateral kills)
  An entropy weaver (D:15)
  An ogre mage (D:15)
  A hill giant (D:15)
  5 ugly things (D:15)
8 creatures vanquished.

Vanquished Creatures (others)
  A hell hound (Depths:2)
  A sheep (D:14)
  3 bushes (Lair:8)
  28 fungi
  32 plants
  11 tentacles (Shoals:4)
  241 tentacle segments (Shoals:4)
  9 toadstools (Lair:3)
326 creatures vanquished.

Grand Total: 1808 creatures vanquished

Notes
Turn   | Place    | Note
--------------------------------------------------------------
     0 | D:1      | urechis the Ogre Fighter began the quest for the Orb.
     0 | D:1      | Reached XP level 1. HP: 24/24 MP: 1/1
    90 | D:1      | Reached XP level 2. HP: 26/32 MP: 2/2
  1027 | D:2      | Reached XP level 3. HP: 40/40 MP: 3/3
  1030 | D:2      | Noticed Natasha
  1042 | D:2      | Killed Natasha
  1409 | D:2      | Reached XP level 4. HP: 45/49 MP: 4/4
  1515 | D:2      | Found a shadowy altar of Dithmenos.
  1584 | D:2      | Reached skill level 5 in Maces & Flails
  1894 | D:2      | Reached skill level 5 in Fighting
  1967 | D:2      | Noticed Natasha
  1976 | D:2      | Killed Natasha
  2427 | D:2      | Noticed Natasha
  2437 | D:2      | Killed Natasha
  2938 | D:3      | Noticed Jessica
  2964 | D:2      | Killed Jessica
  2964 | D:2      | Reached XP level 5. HP: 36/57 MP: 5/5
  3090 | D:3      | Reached skill level 6 in Maces & Flails
  3234 | D:3      | Reached XP level 6. HP: 22/67 MP: 6/6
  3955 | D:3      | Reached skill level 7 in Maces & Flails
  4564 | D:4      | Found an iron altar of Okawaru.
  4647 | D:4      | Noticed Robin
  4649 | D:4      | Killed Robin
  4702 | D:4      | Found a glowing golden altar of the Shining One.
  5264 | D:4      | Reached XP level 7. HP: 63/76 MP: 7/7
  5556 | D:5      | Entered Level 5 of the Dungeon
  5563 | D:5      | Reached skill level 8 in Maces & Flails
  5627 | D:5      | Found a staircase to the Ecumenical Temple.
  5640 | Temple   | Entered the Ecumenical Temple
  5655 | Temple   | Became a worshipper of Trog the Wrathful
  6175 | D:5      | Reached skill level 9 in Maces & Flails
  6497 | D:5      | Reached XP level 8. HP: 72/88 MP: 8/8
  6842 | D:5      | Reached skill level 10 in Maces & Flails
  7333 | D:6      | Reached skill level 11 in Maces & Flails
  7614 | D:6      | Noticed Eustachio
  7626 | D:6      | Killed Eustachio
  7847 | D:6      | Reached XP level 9. HP: 72/98 MP: 9/9
  8162 | D:6      | Reached skill level 12 in Maces & Flails
  8238 | D:6      | Acquired Trog's first power
  8713 | D:6      | Reached skill level 10 in Fighting
  8713 | D:6      | Reached skill level 13 in Maces & Flails
  9431 | D:7      | Found a basalt altar of Yredelemnul.
  9434 | D:7      | Found a radiant altar of Vehumet.
  9437 | D:7      | Found a shimmering altar of Xom.
  9709 | D:7      | Reached skill level 14 in Maces & Flails
  9927 | D:7      | Reached XP level 10. HP: 20/110 MP: 10/10
 10155 | D:8      | Acquired Trog's second power
 10190 | D:8      | Found a sand-covered staircase.
 10195 | Ossuary  | Entered an ossuary
 10551 | D:8      | Reached skill level 5 in Shields
 10985 | D:8      | Noticed Erica
 11006 | D:8      | Killed Erica
 12038 | D:9      | Found a staircase to the Orcish Mines.
 12458 | D:9      | Reached XP level 11. HP: 109/118 MP: 11/11
 12594 | D:9      | Found a shattered altar of Ashenzari.
 12823 | D:9      | Found an iron altar of Okawaru.
 13111 | D:10     | Entered Level 10 of the Dungeon
 13134 | D:10     | Noticed amplicon's ghost (experienced MiFi)
 13161 | D:9      | Paralysed by a wasp for 1 turns
 13162 | D:9      | Reached skill level 1 in Armour
 13202 | Orc:1    | Entered Level 1 of the Orcish Mines
 13202 | Orc:1    | Noticed Duffy's ghost (powerful TrMo)
 13240 | D:10     | Got a slimy bronze ring
 13396 | D:9      | Identified the ring "Ottotipla" {rPois rF+ rC- rN+ Str+5} (You found it on level 10 of the Dungeon)
 13398 | D:10     | Found a staircase to the Lair.
 13494 | D:10     | Found a bloodstained altar of Trog.
 13653 | D:10     | Killed amplicon's ghost
 14093 | D:11     | Noticed Nergalle
 14112 | D:11     | Killed Nergalle
 14141 | D:11     | Noticed Grum
 14156 | D:11     | Killed Grum
 14185 | D:11     | Noticed Maud
 14284 | D:11     | Acquired Trog's third power
 14336 | D:11     | Noticed Fannar
 14391 | D:11     | Noticed an unseen horror
 14758 | D:11     | Killed an unseen horror
 14798 | D:11     | Killed Fannar
 14973 | D:11     | Killed an unseen horror
 14973 | D:11     | Reached skill level 15 in Maces & Flails
 15132 | Lair:1   | Entered Level 1 of the Lair of Beasts
 15132 | Lair:1   | Noticed a seven-headed hydra
 15172 | Lair:1   | Killed a seven-headed hydra
 15172 | Lair:1   | Reached XP level 12. HP: 136/136 MP: 12/12
 15297 | Lair:1   | Found a burning altar of Makhleb.
 15375 | Lair:1   | You fall through a shaft!
 15482 | Lair:1   | Found a labyrinth entrance.
 15497 | Lab      | Entered a labyrinth
 16231 | Lab      | Noticed carl's ghost (powerful GrEE)
 16245 | Lab      | Killed carl's ghost
 17137 | Lab      | Noticed a minotaur
 17151 | Lab      | Killed a minotaur
 17183 | Lab      | Got a smoking turquoise ring
 17500 | Lair:1   | Identified a +4 rod of ignition (10/10) (You found it in a labyrinth)
 17503 | Lair:1   | Identified the ring "Johaxer" {Ice rN+ MR+ Dex+4} (You found it in a labyrinth)
 17890 | Lair:2   | Noticed Harold
 17914 | Lair:2   | Killed Harold
 18196 | Lair:2   | Reached skill level 15 in Fighting
 18236 | Lair:2   | Reached skill level 16 in Maces & Flails
 18353 | Lair:2   | Reached skill level 5 in Armour
 18778 | Lair:3   | Found a staircase to the Snake Pit.
 19084 | Lair:3   | Reached XP level 13. HP: 149/149 MP: 13/13
 19620 | Lair:3   | Noticed a catoblepas
 19620 | Lair:3   | Noticed a dire elephant
 19647 | Lair:3   | Killed a catoblepas
 20169 | Lair:3   | Killed a dire elephant
 20501 | Lair:4   | Found a shadowy altar of Dithmenos.
 20803 | Lair:4   | Received a gift from Trog
 21381 | Lair:5   | Found a dark tunnel.
 21420 | Volcano  | Entered a volcano
 21714 | Volcano  | Found a bloodstained altar of Trog.
 21722 | Volcano  | Reached skill level 10 in Armour
 22070 | Lair:5   | Found a staircase to the Shoals.
 23011 | Lair:6   | Reached XP level 14. HP: 159/159 MP: 14/14
 24172 | Lair:7   | Found a staircase to the Slime Pits.
 25176 | Lair:7   | Received a gift from Trog
 25402 | Lair:8   | Entered Level 8 of the Lair of Beasts
 26542 | Lair:8   | Received a gift from Trog
 26753 | Lair:7   | Reached XP level 15. HP: 58/167 MP: 15/15
 27520 | Lair:8   | HP: 8/167 [death yak (21)]
 27825 | Lair:8   | Received a gift from Trog
 28035 | Lair:8   | Reached skill level 15 in Armour
 28500 | D:11     | Killed Maud
 28821 | D:12     | Found Benihurgh's Antique Armour Shop.
 29040 | D:12     | Reached skill level 10 in Shields
 29486 | D:13     | Received a gift from Trog
 29973 | D:13     | Noticed Kirke
 29995 | D:13     | Killed Kirke
 30388 | D:14     | Found a gate to the Vaults.
 30770 | D:14     | Found an ancient bone altar of Kikubaaqudgha.
 30845 | D:14     | Found a portal to a secret trove of treasure.
 30987 | D:14     | Reached XP level 16. HP: 154/176 MP: 16/16
 31340 | D:15     | Entered Level 15 of the Dungeon
 31836 | D:15     | Received a gift from Trog
 31948 | D:15     | Found a staircase to the Depths.
 32846 | Orc:1    | Killed Duffy's ghost
 32979 | Orc:1    | Received a gift from Trog
 33008 | Orc:1    | Got an ichor-stained giant club {god gift}
 33014 | Orc:1    | Identified the +6 giant club of Ywnixkitiuv {flame, rN+ MR+} (Trog gifted it to you on level 1 of the Orcish Mines)
 33899 | Orc:2    | Received a gift from Trog
 34056 | Orc:3    | Found a staircase to the Elven Halls.
 34356 | Orc:3    | Found a roughly hewn altar of Beogh.
 34528 | Orc:4    | Entered Level 4 of the Orcish Mines
 34695 | Orc:4    | Received a gift from Trog
 34763 | Orc:4    | Found a roughly hewn altar of Beogh.
 34773 | Orc:4    | Paralysed by an orc sorcerer for 3 turns
 34998 | Orc:4    | Noticed Donald
 35015 | Orc:4    | Killed Donald
 35221 | Orc:4    | Noticed Nessos
 35227 | Orc:4    | Killed Nessos
 35302 | Orc:4    | Found Umakk's General Store.
 35336 | Orc:4    | Found Qaty's Antique Armour Shoppe.
 35351 | Orc:4    | Found Riprikeg's Antique Weapon Shoppe.
 35372 | Orc:4    | Found Qaucuy's Book Shoppe.
 35804 | Shoals:1 | Entered Level 1 of the Shoals
 35902 | Shoals:1 | Found Wurched's Book Emporium.
 35927 | Shoals:1 | Found Usmifi's Distillery.
 35938 | Shoals:1 | Received a gift from Trog
 36091 | Shoals:1 | Reached skill level 15 in Shields
 36103 | Shoals:1 | Reached skill level 1 in Throwing
 36395 | Shoals:1 | Reached XP level 17. HP: 163/184 MP: 17/17
 36488 | Shoals:1 | Reached skill level 5 in Throwing
 36925 | Shoals:1 | Found Ynguoff's General Store.
 36937 | Shoals:1 | Reached XP level 18. HP: 193/193 MP: 18/18
 36938 | Shoals:1 | Reached skill level 10 in Throwing
 36938 | Shoals:1 | Reached XP level 19. HP: 201/201 MP: 19/19
 37652 | Shoals:2 | Identified a +0 rod of ignition (11/11) (You found it on level 2 of the Shoals)
 37811 | Shoals:2 | Received a gift from Trog
 38105 | Shoals:2 | Received a gift from Trog
 39224 | Shoals:4 | Entered Level 4 of the Shoals
 39751 | Shoals:4 | HP: 9/201 [merfolk impaler/vampiric trident (11)]
 40013 | Shoals:4 | Got a barnacled rune of Zot
 40089 | Shoals:4 | HP: 2/201 [faun/sling bullet[a satyr] (22)]
 40095 | Shoals:4 | HP: 7/201 [sea snake (13)]
 40456 | Shoals:4 | Received a gift from Trog
 40720 | Shoals:4 | Noticed Ilsuiw
 40994 | Shoals:4 | Killed Ilsuiw
 40994 | Shoals:4 | Reached skill level 15 in Throwing
 41169 | Shoals:4 | Received a gift from Trog
 41422 | Shoals:4 | Reached XP level 20. HP: 142/213 MP: 20/20
 41654 | Shoals:4 | Received a gift from Trog
 42418 | D:15     | Identified a scroll of acquirement
 42422 | D:15     | Got a shimmering shield
 42445 | D:15     | Identified the +1 shield of the Prince of Darkness {rF+ MR+ Dex-4 SInv} (You acquired it on level 15 of the Dungeon)
 42537 | Depths:1 | Entered Level 1 of the Depths
 42949 | Depths:1 | Found Biuphoff's Book Shop.
 43267 | Depths:1 | Found a gateway to Hell.
 43389 | Depths:1 | Noticed Nikola
 43402 | Depths:1 | Killed Nikola
 43402 | Depths:1 | Reached skill level 17 in Fighting
 43690 | Depths:1 | Noticed Aizul
 43707 | Depths:1 | Killed Aizul
 43759 | Depths:1 | Noticed Wiglaf
 43770 | Depths:1 | Killed Wiglaf
 43997 | Depths:1 | Received a gift from Trog
 44456 | Depths:1 | Reached skill level 18 in Fighting
 44980 | Depths:2 | Received a gift from Trog
 45692 | Depths:2 | Received a gift from Trog
 45746 | Depths:2 | Reached skill level 19 in Fighting
 45748 | Depths:2 | Gained mutation: You can translocate small distances at will. [potion of beneficial mutation]
 45791 | Depths:2 | Received a gift from Trog
 45997 | Depths:2 | Found a one-way gate leading to the halls of Pandemonium.
 46303 | Depths:2 | Found a corrupted altar of Lugonu.
 46303 | Depths:2 | Found a one-way gate to the infinite horrors of the Abyss.
 46435 | Depths:2 | Reached XP level 21. HP: 175/235 MP: 21/21
 47096 | Depths:2 | Reached skill level 20 in Fighting
 47097 | Depths:2 | Killed from afar by a fire giant

Vault maps used:
D:1:      minmay_arrival_cross
D:2:      nicolae_dithmenos_shadow_blocks, minmay_unequal, uniq_natasha
D:3:      roderic_chinese_pattern_swastika, uniq_jessica
D:4:      old_standard_altar, overflow_temple_1_default,
          corexii_item_surrounded_by_moat, uniq_robin
D:5:      minmay_temple_entry_large_hall, first_bread
D:6:      minmay_divided_ellipse, uniq_eustachio
D:7:      grunt_temple_overflow_diamond, the_bakery, minmay_misc_feat_columns
D:8:      nicolae_ossuary_entry_ruins, uniq_erica
D:9:      ashenzari_conservatory_becter, zombieorc2_lemuel,
          okawaru_altar_gauntlet_db
D:10:     lair_0_dummy, basic_altar
D:11:     uniq_nergalle, uniq_maud, uniq_grum, uniq_fannar
D:12:     serial_shops, kennysheep_mini
D:13:     lightli_corner_chamber, uniq_kirke
D:14:     erik_vaults_2, enter_trove_3, nicolae_snake_squiggles,
          lemuel_mausoleum_altar_kikubaaqudgha
D:15:     hangedman_depths_entry_civil_slaughter, minmay_misc_feat_hallway
Temple:   circular_temple_12
Lair:1:   basic_altar, lab_entry_generic, eino_small_chamber_without_monster,
          minmay_hedge_maze
Lair:2:   lemuel_fruit_fields, uniq_harold
Lair:3:   gammafunk_lair_enchanted_lake, dummy_snake_entry,
          serial_bayou_shore_b, infiniplex_staircase_pool_2
Lair:4:   basic_altar
Lair:5:   elwin_shoals_entry_stream, enter_volcano_1
Lair:6:   grunt_megastairs_1, serial_bayou_shore_b
Lair:7:   minmay_slime_entry_oklob_open
Lair:8:   minmay_lair_end_enchanted_forest,
          portal_ice_cave_entry_animals_and_master, special_room
Shoals:1: serial_shops, shop, nicolae_shop_stone, nicolae_shop_trees
Shoals:2: nicolae_shoals_water_elemental_grotto
Shoals:3: nicolae_shoals_loop_pool
Shoals:4: shoals_end_simple, shoal_ilsuiw, nicolae_shoals_kraken_intersection
Orc:3:    basic_altar, nicolae_orc_pool_cavern
Orc:4:    grunt_orc_cross, uniq_nessos, uniq_donald
Depths:1: serial_shops, shop_statue, pf_hell_entry_tar_spiral,
          serial_sigils_hangedman_confine, serial_sigils_hangedman_gnaw,
          nrook_uturn, st_stairs_7, bh_walls_and_bars, uniq_nikola, uniq_aizul,
          uniq_wiglaf
Depths:2: evilmike_inaccessible_box, kennysheep_cluttered_room,
          abyss_entry_flame_altar, pan_entry, grunt_hell_horde
Lab:      labyrinth_hidden_loot
Ossuary:  ossuary_due_mausoleum
Volcano:  volcano_grotto

Action                   |  1- 3 |  4- 6 |  7- 9 | 10-12 | 13-15 | 16-18 | 19-21 || total
-------------------------+-------+-------+-------+-------+-------+-------+-------++-------
Melee: Flail             |    89 |   295 |   432 |  1095 |   333 |       |       ||  2244
       Morningstar       |       |       |       |       |   948 |       |       ||   948
       Eveningstar       |       |       |       |       |   385 |   952 |  1229 ||  2566
       Giant club        |       |       |       |       |       |     1 |       ||     1
 Fire: Blowgun           |       |       |       |     5 |     2 |       |       ||     7
Throw: Javelin           |       |       |       |       |       |     2 |   174 ||   176
       Large rock        |       |       |       |       |       |       |     1 ||     1
Invok: Berserk           |       |       |       |     1 |     9 |     2 |     4 ||    16
       Trog's Hand       |       |       |       |       |    13 |     7 |    14 ||    34
       Burn Spellbooks   |       |       |       |       |     4 |       |     2 ||     6
       Brothers in Arms  |       |       |       |       |       |     1 |     2 ||     3
 Abil: Blink             |       |       |       |       |       |       |    15 ||    15
Evoke: Wand              |       |       |       |       |       |       |     3 ||     3
  Use: Potion            |       |     1 |       |     3 |     5 |     2 |    10 ||    21
       Scroll            |       |       |       |    22 |     9 |     9 |    18 ||    58
 Stab: Petrifying        |       |       |       |       |     1 |       |       ||     1
       Sleeping          |       |       |       |       |     1 |       |       ||     1
       Distracted        |       |       |       |       |     2 |       |       ||     2
       Fleeing           |       |       |       |       |       |       |     2 ||     2
  Eat: Chunk             |     2 |    12 |    11 |    22 |    34 |    27 |    32 ||   140
       Bread ration      |       |       |     1 |     2 |     3 |       |     2 ||     8
       Beef jerky        |       |       |       |     2 |     1 |       |     3 ||     6
       Fruit             |       |       |       |       |     6 |       |     2 ||     8
       Pizza             |       |       |       |       |     4 |       |     2 ||     6
       Royal jelly       |       |       |       |       |       |       |     2 ||     2
